 Dungeon Crawl Stone Soup version 0.27-a0-1191-g601b473118 (webtiles) character file.

Game seed: 16937843519424591095

40034 wakim the Fighter (level 14, -5/96 HPs)
             Began as a Gargoyle Monk on May 24, 2021.
             Was a High Priest of Okawaru.
             Slain by a wolf spider (12 damage)
             ... on level 2 of the Lair of Beasts.
             The game lasted 00:56:03 (23663 turns).

wakim the Fighter (Gargoyle Monk)                  Turns: 23663, Time: 00:56:04

Health: -5/96      AC: 31    Str: 21    XL:     14   Next: 9%
Magic:  0/18       EV: 16    Int: 20    God:    Okawaru [*****.]
Gold:   1329       SH:  0    Dex: 12    Spells: 13/13 levels left

rFire    + . .     SeeInvis .   a - +3 dire flail
rCold    + . .     Faith    .   (shield currently unavailable)
rNeg     + + .     Spirit   +   X - +2 chain mail {rF+} rPois āˆž Reflect .
                                U - +0 hat of Hopscotch {Str+3 Int+2}
rElec    +         Harm     +   s - scarf {harm}
rCorr    +         Rampage  .   f - +0 pair of gloves
Will     +++..     Rnd*Rage +   j - +1 pair of boots
Stlth    ..........             N - amulet "Pyucim" {Spirit rCorr}
HPRegen  0.26/turn              e - ring of Tenih {rC+ rN+ Will+}
MPRegen  0.16/turn              p - ring of Feihin {Will+ rCorr EV+4 Int+5 Stlth-}

@: heroic, flying, studying Fighting
A: sickness immunity, AC +10, big wings, negative energy resistance 1,
electricity resistance, torment resistance 1, petrification resistance, berserk
1
a: Renounce Religion, Heroism, Finesse


You were on level 2 of the Lair of Beasts.
You worshipped Okawaru.
Okawaru was extremely pleased with you.
You visited 3 branches of the dungeon, and saw 17 of its levels.
You also visited: Bailey, Gauntlet and Ice Cave.

You collected 1329 gold pieces.

Inventory:

Hand Weapons
 a - a +3 dire flail (weapon)
 b - a +2 great mace of holy wrath
Missiles
 i - 9 curare-tipped darts (quivered) {=f}
 n - 15 javelins
 A - 65 boomerangs
 C - 15 boomerangs of dispersal {=f!f}
 P - 11 atropa-tipped darts
Armour
 f - a +0 pair of gloves (worn)
 j - a +1 pair of boots (worn)
 s - a scarf of harm (worn)
 U - the +0 hat of Hopscotch (worn) {Str+3 Int+2}
   (You found it in a Gauntlet)

   It affects your strength (+3).
   It affects your intelligence (+2).
 X - a +2 chain mail of fire resistance (worn)
Jewellery
 c - a ring of protection from fire
 e - the ring of Tenih (left hand) {rC+ rN+ Will+}
   (You took it off a minotaur in a Gauntlet)

   [ring of positive energy]

   It protects you from cold.
   It protects you from negative energy.
   It increases your willpower.
 g - a ring of protection from fire
 k - an amulet of the acrobat
 l - a +4 ring of protection
 o - the ring "Orchoi Tudgh" {Fly rElec rF+ rCorr Slay+2}
   (You acquired it in an ice cave)

   [ring of flight]

   It affects your accuracy and damage with ranged weapons and melee attacks
   (+2).
   It protects you from fire.
   It insulates you from electricity.
   It grants you flight.
   It protects you from acid and corrosion.
 p - the ring of Feihin (right hand) {Will+ rCorr EV+4 Int+5 Stlth-}
   (You found it in a bailey)

   [ring of evasion]

   It affects your evasion (+4).
   It affects your intelligence (+5).
   It protects you from acid and corrosion.
   It increases your willpower.
   It makes you less stealthy.
 z - a ring of see invisible
 N - the amulet "Pyucim" (around neck) {Spirit rCorr}
   (You found it in a Gauntlet)

   [amulet of guardian spirit]

   It causes incoming damage to be divided between your reserves of health and
   magic.
   It protects you from acid and corrosion.
Wands
 t - a wand of digging (6)
 u - a wand of mindburst (18)
 v - a wand of flame (33)
 w - a wand of acid (15)
 y - a wand of paralysis (4)
Scrolls
 h - a scroll of enchant armour
 r - 5 scrolls of identify
 Q - 2 scrolls of immolation {!r!r}
 S - a scroll of summoning
 T - 5 scrolls of teleportation
 Y - 2 scrolls of blinking {!r}
Potions
 d - a potion of ambrosia {unknown}
 B - 2 potions of attraction {!q}
 D - 8 potions of brilliance
 F - 3 potions of curing
 G - 3 potions of flight
 H - a potion of haste
 I - a potion of invisibility
 K - a potion of magic
 M - 4 potions of mutation {!q}
 O - a potion of resistance


   Skills:
 * Level 14.2(19.2) Fighting
 + Level 14.1(19.1) Maces & Flails
 + Level 6.3(11.3) Throwing
 * Level 12.4(17.4) Armour
 + Level 5.7(10.7) Dodging
 - Level 2.1(7.1) Stealth
 + Level 6.4 Invocations


You had 13 spell levels left.
You didn't know any spells.
Your spell library contained the following spells:

 Spells                   Type           Power      Damage    Failure   Level
 Animate Skeleton         Necr           0%         N/A       63%         1
 Apportation              Tloc           0%         N/A       63%         1
 Corona                   Hex            0%         N/A       63%         1
 Pain                     Necr           0%         1d4       63%         1
 Summon Small Mammal      Summ           0%         N/A       63%         1
 Call Imp                 Summ           0%         N/A       77%         2
 Ensorcelled Hibernation  Hex/Ice        0%         N/A       77%         2
 Call Canine Familiar     Summ           0%         N/A       94%         3
 Confusing Touch          Hex            0%         N/A       94%         3
 Dazzling Flash           Conj/Hex       0%         N/A       94%         3
 Gell's Gravitas          Tloc           0%         N/A       94%         3
 Summon Guardian Golem    Hex/Summ       0%         N/A       94%         3
 Tukima's Dance           Hex            0%         N/A       94%         3
 Vampiric Draining        Necr           0%         2d6       94%         3
 Animate Armour           Summ/Erth      0%         N/A       100%        4
 Animate Dead             Necr           0%         N/A       100%        4
 Petrify                  Tmut/Erth      0%         N/A       100%        4
 Summon Ice Beast         Ice/Summ       0%         N/A       100%        4
 Summon Lightning Spire   Summ/Air       0%         N/A       100%        4
 Agony                    Necr           0%         N/A       100%        5
 Bolt of Magma            Conj/Fire/Erth 0%         4d4       100%        5
 Borgnjor's Vile Clutch   Necr/Erth      0%         N/A       100%        5
 Iskenderun's Battlesphe  Conj           0%         2d6       100%        5
 Metabolic Englaciation   Hex/Ice        0%         N/A       100%        5
 Silence                  Hex/Air        0%         N/A       100%        5
 Yara's Violent Unravell  Hex/Tmut       0%         3d3       100%        5
 Iron Shot                Conj/Erth      0%         9d1       100%        6
 Shadow Creatures         Summ           N/A        N/A       100%        6
 Orb of Destruction       Conj           0%         N/A       100%        7
 Spellforged Servitor     Conj/Summ      0%         N/A       100%        7


Dungeon Overview and Level Annotations

Branches:
Dungeon (14/15)            Temple (1/1) D:7            Lair (2/6) D:9
 Spider (0/4) Lair:2          Orc (0/2) D:11         Vaults (0/5) D:14
 Bailey (visited)           IceCv (visited)         Gauntlet (visited)
  Swamp: Lair:2-4    Shoals: Lair:2-4

Altars:
Ashenzari
Cheibriados
Dithmenos
Elyvilon
Fedhas
Gozag
Hepliaklqana
Kikubaaqudgha
Makhleb
Nemelex Xobeh
Okawaru
Qazlal
Ru
Sif Muna
Trog
Uskayaw
Vehumet
Wu Jian
Xom
Yredelemnul
Zin
The Shining One

Annotations:
D:4 1 runed translucent door, polve's ghost, amateur DsGl
D:5 2 runed translucent doors, night's ghost, novice OpVM
D:14 Nessos


Innate Abilities, Weirdness & Mutations

You are immune to sickness and miasma.
Your stone body is resilient. (AC +10)
You are immune to poison.
Your large and strong wings let you fly.
You resist negative energy. (rN+)
You are resistant to electric shocks. (rElec)
You are resistant to unholy torment.
You are immune to petrification.
You tend to lose your temper in combat.


Message History

* * * LOW HITPOINT WARNING * * *
You hit the wolf spider.
The wolf spider is lightly wounded.
The wolf spider hits you.
* * * LOW HITPOINT WARNING * * *
The wolf spider bites you but does no damage.
You hit the wolf spider but do no damage.
The wolf spider is heavily wounded.
The wolf spider hits you but does no damage.
The wolf spider closely misses you.
Unknown command.
You gain the combat prowess of a mighty hero.
The wolf spider closely misses you. The wolf spider misses you.
The wolf spider completely misses you.
The wolf spider bites you but does no damage.
The redback bites you!
* * * LOW HITPOINT WARNING * * *
The wolf spider barely misses you. The wolf spider bites you.
* * * LOW HITPOINT WARNING * * *
You don't have enough magic at the moment.
Unknown command.
You hit the wolf spider.
The wolf spider is heavily wounded.
The wolf spider hits you but does no damage.
The wolf spider bites you!
* * * LOW HITPOINT WARNING * * *
The redback barely misses you. The wolf spider barely misses you.
The wolf spider bites you but does no damage.
You puncture the wolf spider!
The wolf spider is severely wounded.
The wolf spider hits you but does no damage.
The wolf spider bites you but does no damage.
The redback bites you but does no damage.
You stick the wolf spider like a pincushion!!!
You kill the wolf spider!
Okawaru accepts your kill. The wolf spider hits you!
* * * LOW HITPOINT WARNING * * *
The wolf spider bites you!
You die...

##### #...### ...P# ##
#.....# ....## #..###.....#
.....## #..#.#sā€ ...##
......# ##....s@##^.^#
.....# #........##^^^#
.....## ##.......ā‰ˆ#^^.^^#
.....#.###......#..##.^^.#
..PP###.##.......#.P#...^.#
.......#.P.......#####^^...#
.................# #^.>.#
......)..........# #...#
..#.#P####.......#


You could see a wolf spider and a redback.

Vanquished Creatures
  An orc warlord (Bailey)
  A minotaur (Gauntlet)
  Erolcha (D:10)
  2 ice dragons (IceCv)
  4 hydras
  A boulder beetle (D:13)
  5 two-headed ogres
  A centaur warrior (D:14)
  Urug (D:10)
  Sonja (D:10)
  4 skeletal warriors
  An orange crystal statue (Gauntlet)
  A wizard (D:14)
  Pikel (D:6)
  An orc knight (D:14)
  A wolf spider (Lair:2)
  A shining eye (Gauntlet)
  4 cyclopes
  3 manticores
  An ugly thing (D:13)
  A worldbinder (Gauntlet)
  2 ice statues (IceCv)
  A gargoyle (D:13)
  A cane toad (Lair:1)
  4 rime drakes
  Maggie (D:9)
  A komodo dragon (Lair:1)
  A troll (D:14)
  A hornet (D:11)
  5 blink frogs (Lair:1)
  Prince Ribbit (Lair:1)
  A raiju (shapeshifter) (D:14)
  2 shadows (D:11)
  2 wraiths (D:10)
  14 yaks
  2 wyverns
  Grum (Lair:1)
  12 humans
  2 golden eyes (Gauntlet)
  A basilisk (Lair:1)
  3 hogs (D:8)
  15 vampire mosquitoes
  4 water moccasins
  3 black bears
  15 ice beasts
  9 orc warriors
  2 sky beasts
  A boggart (Gauntlet)
  3 ogres
  A necrophage (D:4)
  7 wolves (Lair:1)
  8 centaurs
  2 phantoms
  9 bullfrogs
  6 scorpions
  A jelly (D:5)
  A water moccasin skeleton (D:4)
  12 killer bees
  9 wights (D:8)
  A lava snake (D:8)
  A centaur zombie (D:5)
  2 hounds
  8 orc priests
  A bullfrog skeleton (D:4)
  2 centaur skeletons
  2 scorpion zombies (D:5)
  4 iguanas
  11 orc wizards
  Terence (D:2)
  A killer bee zombie (D:5)
  A howler monkey zombie (D:10)
  3 gnolls (Bailey)
  10 adders
  3 white imps
  2 ufetubi (D:6)
  2 worms
  46 orcs
  5 bats
  9 endoplasms
  2 giant cockroaches
  6 hobgoblins
  2 jackals (D:2)
  5 quokkas
  13 ball pythons
  4 frilled lizards
  12 goblins
  20 kobolds
  3 rats
385 creatures vanquished.

Vanquished Creatures (others)
  23 fungi
  29 plants
52 creatures vanquished.

Grand Total: 437 creatures vanquished

Notes
Turn   | Place    | Note
-------+----------+-------------------------------------------
     0 | D:1      | wakim the Gargoyle Monk began the quest for the Orb.
     0 | D:1      | Reached XP level 1. HP: 14/14 MP: 1/1
   339 | D:1      | Reached XP level 2. HP: 15/19 MP: 2/2
   478 | D:1      | Reached skill level 1 in Armour
   947 | D:2      | Reached XP level 3. HP: 23/23 MP: 3/3
  1185 | D:1      | Reached XP level 4. HP: 15/28 MP: 4/4
  2094 | D:3      | Reached XP level 5. HP: 26/33 MP: 5/5
  2159 | D:3      | Noticed Terence
  2499 | D:2      | HP: 1/33 [something/puff of flame (9)]
  3028 | D:3      | HP: 2/49 [orc priest/+0 short sword (4)]
  3606 | D:3      | Reached XP level 6. HP: 20/38 MP: 6/6
  4093 | D:2      | Killed Terence
  4241 | D:4      | Found a runed translucent door.
  4244 | D:4      | Noticed polve's ghost (amateur DsGl)
  4636 | D:4      | Noticed a necrophage
  4966 | D:4      | Reached skill level 5 in Maces & Flails
  4966 | D:4      | Reached XP level 7. HP: 38/44 MP: 7/7
  5200 | D:4      | Identified the +3 leather armour of Classification {rF+
                  | rC+}
  5605 | D:4      | Reached skill level 5 in Armour
  5700 | D:5      | Entered Level 5 of the Dungeon
  5700 | D:5      | Found a large runed translucent door.
  5700 | D:5      | Found a large runed translucent door.
  5701 | D:5      | Noticed night's ghost (novice OpVM)
  6063 | D:5      | Reached skill level 5 in Fighting
  6066 | D:5      | Reached XP level 8. HP: 34/49 MP: 8/8
  7801 | D:6      | Reached XP level 9. HP: 46/55 MP: 9/9
  8123 | D:6      | Noticed Pikel
  8153 | D:6      | Killed Pikel
  8203 | D:6      | Reached skill level 5 in Dodging
  8687 | D:7      | Noticed a two-headed ogre
  8896 | D:7      | Reached XP level 10. HP: 61/61 MP: 10/10
  9603 | D:7      | Found a staircase to the Ecumenical Temple.
  9620 | D:7      | Reached skill level 1 in Throwing
  9962 | D:7      | Killed a two-headed ogre
 10099 | Temple   | Entered the Ecumenical Temple
 10307 | Temple   | Became a worshipper of Warmaster Okawaru
 10307 | Temple   | Reached * piety under Okawaru
 10307 | Temple   | Reached ** piety under Okawaru
 10521 | D:7      | Found a burning altar of Makhleb.
 10521 | D:7      | Found a hazy altar of Hepliaklqana.
 11095 | D:8      | Identified the +1 leather armour of Midwinter {+Blink Str+4
                  | Dex+3}
 11140 | D:8      | Noticed a cyclops
 11165 | D:8      | Killed a cyclops
 11250 | D:8      | Reached skill level 10 in Maces & Flails
 11413 | D:8      | Found a shimmering altar of Xom.
 11415 | D:8      | Found a broken altar of Ashenzari.
 11418 | D:8      | Found a snail-covered altar of Cheibriados.
 11592 | D:8      | Found a hide-covered altar of Uskayaw.
 11668 | D:8      | Reached *** piety under Okawaru
 11692 | D:8      | Reached XP level 11. HP: 33/69 MP: 11/11
 12378 | D:9      | Found a staircase to the Lair.
 12398 | D:9      | Noticed Maggie
 12416 | D:9      | Killed Maggie
 12416 | D:9      | Reached **** piety under Okawaru
 12552 | D:9      | Received a gift from Okawaru
 12570 | D:9      | Reached skill level 1 in Invocations
 13438 | D:9      | Found a radiant altar of Vehumet.
 13687 | D:10     | Entered Level 10 of the Dungeon
 13751 | D:10     | Noticed Sonja
 13757 | D:10     | Killed Sonja
 13793 | D:10     | Received a gift from Okawaru
 14014 | D:10     | Noticed Erolcha
 14021 | D:10     | Killed Erolcha
 14021 | D:10     | Reached ***** piety under Okawaru
 14053 | D:10     | Noticed Urug
 14108 | D:10     | Killed Urug
 14525 | D:11     | Noticed a cyclops
 14534 | D:11     | Killed a cyclops
 14695 | D:11     | Found a flagged portal.
 14715 | Bailey   | Entered a bailey
 14720 | Bailey   | Noticed an orc warlord
 14821 | Bailey   | Found a runed translucent gate.
 14821 | Bailey   | Found a runed translucent gate.
 14821 | Bailey   | Found a runed translucent gate.
 14914 | Bailey   | Reached XP level 12. HP: 68/77 MP: 6/14
 14933 | Bailey   | Killed an orc warlord
 14934 | Bailey   | Reached skill level 10 in Fighting
 14950 | Bailey   | Identified the ring of Feihin {Will+ rCorr EV+4 Int+5
                  | Stlth-}
 15039 | D:11     | Found a frozen archway.
 15059 | D:11     | Reached skill level 10 in Armour
 15060 | IceCv    | Entered an ice cave
 15309 | IceCv    | Reached skill level 5 in Invocations
 16403 | IceCv    | Received a gift from Okawaru
 16816 | IceCv    | Noticed an ice dragon
 16816 | IceCv    | Noticed an ice dragon
 16834 | IceCv    | Killed an ice dragon
 16838 | IceCv    | HP: 2/77 [ice dragon/blast of cold (12)]
 17240 | IceCv    | Killed an ice dragon
 17324 | IceCv    | Identified the ring of Potol {rPois Str+4 Slay+3}
 17350 | IceCv    | Identified 2 scrolls of acquirement
 17350 | IceCv    | Acquired a manual of Fighting
 17352 | IceCv    | Acquired the ring "Orchoi Tudgh" {Fly rElec rF+ rCorr
                  | Slay+2}
 17487 | D:11     | HP: 2/78 [manticore/volley of spikes (15)]
 17871 | D:11     | Reached skill level 5 in Throwing
 17952 | D:11     | Found a basalt altar of Yredelemnul.
 17960 | D:11     | Noticed a two-headed ogre
 17988 | D:11     | Killed a two-headed ogre
 18205 | D:11     | Found a staircase to the Orcish Mines.
 18502 | D:11     | You are sucked into a shaft and drop 2 floors!
 18502 | D:13     | Noticed a two-headed ogre
 18518 | D:13     | Killed a two-headed ogre
 18630 | D:13     | Noticed a boulder beetle
 18648 | D:13     | Killed a boulder beetle
 18649 | D:13     | Reached XP level 13. HP: 76/84 MP: 17/17
 18683 | D:13     | Identified the +4 ring mail "Qemoif" {rF+ Dex+3}
 18939 | D:13     | Received a gift from Okawaru
 19315 | D:13     | You are sucked into a shaft and drop 1 floor!
 19373 | D:14     | Identified the +10 spear of the Imperium {vorpal, Dex+5}
 19766 | D:14     | Found a gate to the Vaults.
 19766 | D:14     | Noticed Nessos
 19781 | D:14     | Found a gate leading to a gauntlet.
 19814 | Gauntlet | Entered a Gauntlet
 19814 | Gauntlet | Found a transporter.
 20117 | Gauntlet | Found a transporter.
 20132 | Gauntlet | Found a transporter.
 20137 | Gauntlet | Found a transporter.
 20154 | Gauntlet | Found a transporter.
 20173 | Gauntlet | Found a transporter.
 20185 | Gauntlet | Found a transporter.
 20198 | Gauntlet | Found a transporter.
 20204 | Gauntlet | Found a transporter.
 20204 | Gauntlet | Found a transporter.
 20210 | Gauntlet | Noticed a cacodemon
 20219 | Gauntlet | Found a transporter.
 20231 | Gauntlet | Found a transporter.
 20237 | Gauntlet | Found a transporter.
 20237 | Gauntlet | Found a transporter.
 20276 | Gauntlet | Found a transporter.
 20278 | Gauntlet | Found a runed translucent gate.
 20278 | Gauntlet | Found a runed translucent gate.
 20278 | Gauntlet | Found a runed translucent gate.
 20281 | Gauntlet | Found a large runed translucent door.
 20281 | Gauntlet | Found a large runed translucent door.
 20281 | Gauntlet | Found a large runed translucent door.
 20281 | Gauntlet | Found a large runed translucent door.
 20284 | Gauntlet | Found a large runed translucent door.
 20284 | Gauntlet | Found a large runed translucent door.
 20285 | Gauntlet | Found a large runed translucent door.
 20285 | Gauntlet | Found a large runed translucent door.
 20288 | Gauntlet | Found a large runed translucent door.
 20288 | Gauntlet | Found a large runed translucent door.
 20288 | Gauntlet | Found a runed translucent door.
 20288 | Gauntlet | Found a runed translucent door.
 20289 | Gauntlet | Found a large runed translucent door.
 20290 | Gauntlet | Found a large runed translucent door.
 20299 | Gauntlet | Found a large runed translucent door.
 20299 | Gauntlet | Found a large runed translucent door.
 20300 | Gauntlet | Found a large runed translucent door.
 20301 | Gauntlet | Found a large runed translucent door.
 20301 | Gauntlet | Found a transporter.
 20303 | Gauntlet | Found a transporter.
 20335 | Gauntlet | Found a transporter.
 20618 | Gauntlet | Received a gift from Okawaru
 20755 | Gauntlet | Gained mutation: You tend to lose your temper in combat. [a
                  | shining eye]
 20819 | Gauntlet | Identified the amulet "Pyucim" {Spirit rCorr}
 21004 | Gauntlet | Identified the ring of Tenih {rC+ rN+ Will+}
 21004 | Gauntlet | Noticed a minotaur
 21034 | Gauntlet | Killed a minotaur
 21034 | Gauntlet | Received a gift from Okawaru
 21090 | Gauntlet | Identified the +4 troll leather armour of the Cooper {rElec
                  | rPois rF- Regen+ Stlth+}
 21095 | Gauntlet | Identified the +0 hat of Hopscotch {Str+3 Int+2}
 21098 | Gauntlet | Identified the +1 tower shield "Ameuxtun" {Regen+ SInv}
 21138 | D:14     | Received a gift from Okawaru
 21646 | D:13     | Received a gift from Okawaru
 22215 | Lair:1   | Entered Level 1 of the Lair of Beasts
 22304 | Lair:1   | Received a gift from Okawaru
 22353 | Lair:1   | Noticed Grum
 22376 | Lair:1   | Killed Grum
 22926 | Lair:1   | Noticed Prince Ribbit
 22939 | Lair:1   | Killed Prince Ribbit
 23037 | Lair:1   | Gained mutation: Your large and strong wings let you fly.
                  | [Gargoyle growth]
 23037 | Lair:1   | Reached XP level 14. HP: 95/95 MP: 18/18
 23643 | Lair:2   | Found a hole to the Spider Nest.
 23663 | Lair:2   | Slain by a wolf spider

Illustrated notes

Levels and vault maps discovered:
D:1:      lightli_arrival_maybe_door_vault, layout_rooms,
          grunt_decor_mini_mirrors
D:2:      layout_rooms, minmay_shallow_snake_nest
D:3:      layout_rooms, uniq_terence
D:4:      layout_loops_corners, ebering_ghost_inner_flame, minmay_pentangle
D:5:      layout_gridville, ebering_ghost_disaster_area
D:6:      layout_basic, minmay_ruffians, uniq_pikel
D:7:      layout_loops_cross, gammafunk_temple_overflow_statue,
          minmay_temple_entry_waves
D:8:      layout_loops_ring, nicolae_uskayaw_suspiria,
          grunt_temple_overflow_open, minmay_misc_feat_alley,
          hangedman_decor_riveting, grunt_livestock
D:9:      layout_loops_corners, fiery_altar_vehumet,
          due_lair_maze_entry_diamond, hex_medium, kennysheep_generic_room_11,
          uniq_maggie
D:10:     layout_rooms, uniq_sonja, uniq_erolcha, uniq_urug
D:11:     layout_irregular_city, david_orc_2, portal_ice_cave_rime,
          enter_bailey_4, grunt_decor_cap, yredelemnul_altar_generic
D:12:     layout_rooms, serial_shops, kennysheep_mini, item_on_display_a
D:13:     minmay_recursive_quarters, layout_loops_ring, special_room
          [special_room_bee]
D:14:     layout_cave_pods, david_vaults_3, trog_three_pillars_becter,
          gauntlet_entry_generic
Temple:   regret_index_temple_generic_petals
Lair:1:   layout_layer_cave, chequers_serial_rivers_room_a, uniq_grum,
          uniq_prince_ribbit2
Lair:2:   regret_index_combs_of_tragedy, layout_gridlike,
          spider_nest_entry_funnel_web, nicolae_volcano_entry_two_sided,
          serial_bayou_shore_b

Skill      XL: |  1  2  3  4  5  6  7  8  9 10 11 12 13 14 |
---------------+-------------------------------------------+-----
Armour         | 1 2 3 4 5 6 8 9 10 12 | 12.4
Maces & Flails | 4 5 7 8 10 12 13 14 | 14.1
Dodging        | 3 4 5 |  5.7
Fighting       | 4 5 6 8 9 11 13 14 | 14.2
Throwing       | 3 5 6 |  6.3
Invocations    | 3 6 |  6.4
Stealth        | |  2.1

Action                   |  1- 3 |  4- 6 |  7- 9 | 10-12 | 13-15 || total
-------------------------+-------+-------+-------+-------+-------++-------
Melee: Mace              |    89 |   148 |       |       |       ||   237
       Flail             |       |    94 |   210 |       |       ||   304
       Dire flail        |       |       |   119 |   789 |   348 ||  1256
       Great mace        |       |       |       |    43 |       ||    43
Throw: Boomerang         |       |     2 |       |    30 |       ||    32
       Dart              |       |    10 |    26 |    22 |     6 ||    64
Invok: Heroism           |       |       |       |     8 |     5 ||    13
       Finesse           |       |       |       |     4 |     1 ||     5
Evoke: Wand              |       |       |       |     5 |       ||     5
  Use: Scroll            |       |     4 |     5 |    15 |     7 ||    31
       Potion            |       |     1 |       |     4 |     1 ||     6
 Stab: Sleeping          |     3 |       |       |       |       ||     3
       Paralysed         |       |       |       |     9 |       ||     9
Armor: Robe              |    41 |    43 |       |       |       ||    84
       Chain mail        |       |   101 |   187 |       |    72 ||   360
       Skin              |       |     5 |       |       |       ||     5
       Plate armour      |       |       |    85 |   550 |   126 ||   761
Dodge: Dodged            |    85 |   122 |   131 |   369 |   230 ||   937

Table legend: (Time is in decaauts)
 A = Elapsed time spent in this place.
 B = Non-inter-level travel time spent in this place.
 C = Inter-level travel time spent in this place.
 D = Time resting spent in this place.
 E = Time spent auto-exploring this place.
 F = Levels seen in this place.
 G = Mean time per level.
                   A        B        C        D        E       F      G
               +--------+--------+--------+--------+--------+-----+--------+
         Total |  23404 |  22466 |    938 |   3743 |  13588 |  20 | 1170.2 |
       Dungeon |  17929 |  17072 |    857 |   2137 |  11218 |  14 | 1280.6 |
        Temple |    248 |    226 |     22 |      0 |    202 |   1 |  248.0 |
          Lair |   1389 |   1330 |     59 |     94 |    960 |   2 |  694.5 |
        Bailey |    259 |    259 |      0 |      0 |      0 |   1 |  259.0 |
      Ice Cave |   2281 |   2281 |      0 |   1080 |    813 |   1 | 2281.0 |
      Gauntlet |   1294 |   1294 |      0 |    432 |    395 |   1 | 1294.0 |
               +--------+--------+--------+--------+--------+-----+--------+

Top non-repeatable levels by time:
   IceCv: 2281 daAuts
     D:6: 1905 daAuts
     D:1: 1645 daAuts
     D:8: 1633 daAuts
     D:5: 1633 daAuts
     D:3: 1629 daAuts
    D:11: 1387 daAuts
     D:9: 1385 daAuts
     D:4: 1343 daAuts
Gauntlet: 1294 daAuts
  Lair:1: 1278 daAuts
    D:13: 1172 daAuts
     D:2: 1161 daAuts
     D:7: 1155 daAuts
    D:10: 1135 daAuts
